cohdb
Replays
Latest Replays
All Replays
Popular Replays
Top Player Replays
Match Explorer
How It Works
Community
CoH3 Stats
Reddit
Sign in to upload your games and track your stats! →
Sign in with Steam
Match 23811166
Unlisted
Match 23811166
Overview
Messages
Build Orders
End
Construct Infanterie Kompanie
Kettenkrad Recon Vehicle
Selects Breakthrough Battlegroup
Selects Assault Grenadiers
Sniper
Grenadier Squad
MG 42 Machine Gun Team
Selects 2.5-tonne Cargo Truck
2.5-tonne Cargo Truck
2.5-tonne Cargo Truck
Construct Panzergrenadier Kompanie
Construct Panzer Kompanie
Selects Blitzkrieg
Construct Panzer Kompanie
Panzer IV Medium Tank
Side Skirts
Panzer Officer Quarters
Selects Smoke Bombing Run
Panzer IV Medium Tank
Blitzkrieg
Selects Incendiary Bombing Run
Panzer IV Medium Tank
Smoke Bombing Run
Panzer IV Medium Tank
Selects Panzer IV Command Tank Sd.Kfz. 161/1
2.5-tonne Cargo Truck
Panzer IV Medium Tank
Repair Bunker
Panzer IV Medium Tank
Panzer IV Medium Tank
Blitzkrieg
Incendiary Bombing Run
Panzer IV Medium Tank
Incendiary Bombing Run
Panzer IV Medium Tank
Panzer IV Medium Tank
Smoke Bombing Run
Blitzkrieg
Panzer IV Medium Tank
2.5-tonne Cargo Truck
Blitzkrieg
Panzer IV Medium Tank
Pioneer Squad
Grenadier Squad
2.5-tonne Cargo Truck
Panzer IV Medium Tank
Smoke Bombing Run
Blitzkrieg
Panzer IV Medium Tank
2.5-tonne Cargo Truck
Panzer IV Medium Tank
Pak 40 Anti-tank Gun Team
喜之郎
MIHua
Holyluya
Ahri The Crooked Arwoo
MAD NOOB
I'M THE COOK
Seiun Sky
[EPIC]SAGEKING
0
0
Comments
sign in to comment!
No comments posted yet!